 Dungeon Crawl Stone Soup version 0.20.1-1-g8b1a95d (console) character file.

5540 hilaritas the Fighter (level 10, -4/102 HPs)
             Began as a Deep Dwarf Berserker on Nov 12, 2017.
             Was an Elder of Trog.
             Slain by an orc warrior
             ... wielding a +0 short sword
              (8 damage)
             ... on level 9 of the Dungeon.
             The game lasted 00:20:38 (7313 turns).

hilaritas the Fighter (Deep Dwarf Berserker)        Turns: 7313, Time: 00:20:39

Health: -4/102     AC: 18    Str: 24    XL:     10   Next: 43%
Magic:  8/8        EV:  8    Int:  8    God:    Trog [****..]
Gold:   483        SH:  0    Dex: 12    Spells: 9/9 levels left

rFire    + . .     SeeInvis .   y - +1 war axe
rCold    . . .     Gourm    .   (no shield)
rNeg     . . .     Faith    .   x - +0 plate armour
rPois    .         Spirit   .   q - +0 helmet
rElec    .         Reflect  .   (no cloak)
rCorr    .         Harm     .   A - +2 pair of gloves
MR       ++...                  (no boots)
Stlth    ..........             (no amulet)
Regen    0.0/turn               w - ring of protection from fire
MPRegen  0.2/turn               o - ring of protection from magic

@: berserk cooldown, non-regenerating
A: damage resistance, heal wounds, sense surroundings 2, no regeneration
a: Heal Wounds, Berserk, Trog's Hand, Brothers in Arms, Burn Spellbooks,
Renounce Religion


You were on level 9 of the Dungeon.
You worshipped Trog.
Trog was greatly pleased with you.
You were not hungry.

You visited 1 branch of the dungeon, and saw 9 of its levels.
You also visited: Sewer.

You collected 483 gold pieces.

Inventory:

Hand Weapons
 a - the +8 mace "Simi" {crush, rN+ MR+}
   (You found it on level 6 of the Dungeon)

   It inflicts extra damage upon your enemies.
   It protects you from negative energy.
   It affects your resistance to hostile enchantments.
 y - a +1 war axe (weapon)
 F - a +0 hand axe of flaming
Armour
 q - a +0 helmet (worn)
 x - a +0 plate armour (worn)
 A - a +2 pair of gloves (worn)
Jewellery
 e - an uncursed ring of ice
 o - a ring of protection from magic (right hand)
 w - a ring of protection from fire (left hand)
Wands
 f - a wand of polymorph (6/24)
 t - a wand of confusion (22/48)
Scrolls
 b - a scroll of enchant armour
 d - 7 scrolls of teleportation
 j - a scroll of fear
 l - 5 scrolls of identify
 n - 3 scrolls of magic mapping
 v - 3 scrolls of remove curse
 B - a scroll of fog
 C - a scroll of enchant weapon
 E - a scroll of recharging
Potions
 g - a potion of cancellation
 i - 3 potions of ambrosia
 k - a potion of agility
 m - 3 potions of might
 p - 3 potions of curing
 r - a potion of flight {unknown}
 s - a potion of degeneration {unknown}
 u - a potion of lignification {unknown}
 z - a potion of magic {unknown}
 G - a potion of berserk rage {unknown}
Comestibles
 c - 4 bread rations
 h - 3 meat rations


   Skills:
 - Level 10.1 Fighting
 - Level 10.0 Axes
 + Level 8.5 Armour
 * Level 2.6 Dodging


You had 9 spell levels left.
You didn't know any spells.

Dungeon Overview and Level Annotations

Branches:
Dungeon (9/15)             Temple (0/1) D:6            Lair (0/6) D:8
    Orc (0/2) D:9

Altars:
Dithmenos
Hepliaklqana
Qazlal
Ru
Vehumet
Zin
The Shining One


Innate Abilities, Weirdness & Mutations

You are resistant to damage.
You can heal yourself by infusing magical energy.
You passively map the area around you.
You do not regenerate.


Message History

The orc shouts!
The orc warrior hits you but does no damage.
You hit the orc warrior but do no damage.
The orc warrior hits you but does no damage. x2
Your plate armour prevents you from hitting the orc warrior.
The orc warrior hits you but does no damage.
The orc wizard casts a spell at you. The puff of flame hits you!
You hit the orc warrior.
The orc warrior is lightly wounded.
You hit the orc wizard.
You feel yourself speed up.
The orc warrior hits you but does no damage.
The orc wizard hits you but does no damage.
The orc warrior barely misses you.
You slash the orc warrior!
The orc warrior is heavily wounded.
You closely miss the orc wizard. The orc wizard barely misses you.
The orc warrior hits you with a short sword!
You die...

* * , , , *
...###.## , * * *
## #........ , *,**
. ##8##........ , ,
..#...#..........,
, ,,
.%................,
, ,, , ,
..................
* ,
,....oo))).........
* , , , *
,,#o)......... * *
#oo......... * *
####@.......... , ,
* #..)........... ⌠
⌠ #.)[........... ,
, ,,
#......######## * ,
,#......# ,, *
,,#......# ,
#......# , ,
,,+......# , * ,
#......# , #......#
, ,,#......#


You could see an orc warrior, an orc wizard and an orc.

Vanquished Creatures
  A two-headed ogre (D:9)
  The ghost of Kaya the Ducker, a novice TrAr of Cheibriados (D:8)
  A hippogriff (D:8)
  A basilisk (D:8)
  A yak (D:8)
  A steam dragon (D:6)
  4 orc warriors
  A sky beast (D:3)
  2 phantoms
  4 ogres
  A necrophage (D:7)
  4 centaurs
  4 big kobolds (Sewer)
  2 crocodiles (D:8)
  A bullfrog (D:7)
  A gnoll sergeant (D:8)
  A water moccasin zombie (D:8)
  The ghost of gagarinx the Chopper, a weakling MiFi (D:3)
  4 killer bees (D:7)
  5 howler monkeys
  3 crimson imps
  2 centaur zombies (D:5)
  4 jellies
  An orc priest (D:9)
  A bullfrog zombie (D:5)
  6 orc wizards
  3 bullfrog skeletons
  A centaur skeleton (D:5)
  2 hounds
  An iguana (D:4)
  5 worker ants
  A killer bee zombie (D:8)
  A hound zombie (D:6)
  A hound skeleton (D:5)
  Robin (D:4)
  9 gnolls
  A howler monkey skeleton (D:7)
  16 adders
  5 river rats
  4 oozes
  An adder zombie (D:5)
  An adder skeleton (D:6)
  5 worms
  2 dart slugs (D:1)
  5 leopard geckos
  30 orcs
  12 bats
  6 giant cockroaches
  12 goblins
  8 hobgoblins
  17 jackals
  4 quokkas
  3 ball pythons
  3 frilled lizards
  12 kobolds
  11 rats
241 creatures vanquished.

Notes
Turn   | Place    | Note
-------+----------+-------------------------------------------
     0 | D:1      | hilaritas the Deep Dwarf Berserker began the quest for the Orb.
     0 | D:1      | Reached XP level 1. HP: 20/20 MP: 1/1
   203 | D:1      | Reached XP level 2. HP: 19/28 MP: 2/2
  1028 | D:2      | Reached XP level 3. HP: 20/34 MP: 3/3
  1211 | D:2      | Reached ** piety under Trog
  1315 | D:2      | Reached XP level 4. HP: 9/42 MP: 4/4
  1513 | D:2      | Reached skill level 5 in Axes
  1892 | D:2      | HP: 1/63 [worm (7)]
  2128 | D:3      | Reached XP level 5. HP: 19/49 MP: 5/5
  2235 | D:3      | Noticed a sky beast
  2244 | D:3      | HP: 1/50 [something (5)]
  2257 | D:3      | HP: 2/50 [something (4)]
  2260 | D:3      | Killed a sky beast
  2260 | D:3      | Reached XP level 6. HP: 34/57 MP: 6/6
  2600 | D:3      | Noticed gagarinx's ghost (weakling MiFi)
  2616 | D:3      | Killed gagarinx's ghost
  2637 | D:3      | Found a glowing drain.
  2641 | Sewer    | Entered a sewer
  2736 | Sewer    | Reached XP level 7. HP: 39/64 MP: 7/7
  3419 | D:4      | Found a stormy altar of Qazlal.
  3419 | D:4      | Found a hazy altar of Hepliaklqana.
  3419 | D:4      | Found a glowing silver altar of Zin.
  3421 | D:4      | Found a shadowy altar of Dithmenos.
  3422 | D:4      | Found a sacrificial altar of Ru.
  3602 | D:4      | Found a radiant altar of Vehumet.
  3675 | D:4      | Reached XP level 8. HP: 56/73 MP: 8/8
  3695 | D:4      | Reached skill level 10 in Axes
  3775 | D:4      | Noticed Robin
  3789 | D:4      | Killed Robin
  4216 | D:5      | Entered Level 5 of the Dungeon
  4242 | D:5      | Reached skill level 5 in Fighting
  4251 | D:5      | Found a glowing golden altar of the Shining One.
  4764 | D:5      | Reached *** piety under Trog
  5242 | D:6      | Gained mutation: You passively map the area around you. [Deep Dwarf growth]
  5242 | D:6      | Reached XP level 9. HP: 8/85 MP: 9/9
  5272 | D:6      | Found a staircase to the Ecumenical Temple.
  5285 | D:6      | Got a topaz-encrusted scale mail
  5296 | D:6      | Identified the +2 scale mail "Wuch" {Str+2} (You found it on level 6 of the Dungeon)
  5386 | D:6      | Reached skill level 5 in Armour
  5501 | D:6      | Got a polished mace
  5502 | D:6      | Identified the +8 mace "Simi" {crush, rN+ MR+} (You found it on level 6 of the Dungeon)
  6674 | D:8      | Found a staircase to the Lair.
  6722 | D:8      | Noticed Kaya's ghost (novice TrAr)
  6759 | D:8      | Killed Kaya's ghost
  6759 | D:8      | Reached XP level 10. HP: 54/99 MP: 10/10
  7265 | D:9      | Noticed a two-headed ogre
  7280 | D:9      | Killed a two-headed ogre
  7280 | D:9      | Reached skill level 10 in Fighting
  7281 | D:9      | Reached **** piety under Trog
  7284 | D:9      | HP: 1/153 [orc warrior/halberd (12)]
  7308 | D:9      | HP: 4/102 [orc warrior/short sword (3)]
  7313 | D:9      | Slain by an orc warrior

Skill      XL: |  1  2  3  4  5  6  7  8  9 10 |
---------------+-------------------------------+-----
Fighting       | 3 4 6 9 10 | 10.1
Axes           | 4 5 6 8 9 10 | 10.0
Armour         | 4 7 8 |  8.5
Dodging        | |  2.6

Action                   |  1- 3 |  4- 6 |  7- 9 | 10-12 || total
-------------------------+-------+-------+-------+-------++-------
Melee: Hand axe          |   152 |   174 |   292 |       ||   618
       War axe           |       |       |   221 |    90 ||   311
Invok: Trog's Hand       |     2 |     7 |    11 |     1 ||    21
       Berserk           |       |     3 |     2 |     2 ||     7
 Abil: Heal Wounds       |       |       |     6 |     4 ||    10
  Use: Potion            |     1 |     2 |       |     1 ||     4
       Scroll            |       |       |    17 |       ||    17
 Stab: Sleeping          |     1 |     1 |     3 |       ||     5
       Distracted        |       |       |     1 |       ||     1
  Eat: Chunk             |     2 |    10 |    17 |     3 ||    32
       Royal jelly       |       |       |     1 |       ||     1
       Bread ration      |       |       |       |     1 ||     1
Armor: Animal skin       |    29 |    30 |    25 |       ||    84
       Ring mail         |       |       |    34 |       ||    34
       Plate armour      |       |       |   143 |    73 ||   216
Dodge: Dodged            |    99 |   108 |   191 |    55 ||   453
